 Seeded DCSS version 0.30-a0-311-gf115ab0292 (webtiles) character file.

Game seed: 14129665719141712089 (custom seed)

100 purpskrrrp the Shooter (level 5, -1/31 HPs)
             Began as a Kobold Hunter on Oct 25, 2022.
             Succumbed to a gnoll's poison
             ... on level 2 of the Dungeon.
             The game lasted 00:02:24 (1625 turns).

purpskrrrp the Shooter (Kobold Hunter)              Turns: 1625, Time: 00:02:25

Health: -1/31      AC:  4    Str:  9    XL:     5   Next: 3%
Magic:  5/5        EV: 15    Int: 10    God:
Gold:   143        SH:  0    Dex: 20    Spells: 4/4 levels left

rFire   . . .      SeeInvis .    a - +0 shortbow
rCold   . . .      Faith    .    (shield currently unavailable)
rNeg    . . .      Spirit   .    c - +0 leather armour
rPois   .          Reflect  .    (no helmet)
rElec   .          Harm     .    i - +0 cloak
rCorr   .          Rampage  .    (no gloves)
Will    .....                    (no boots)
Stlth   +++.......               (no amulet)
HPRegen 0.25/turn                (no ring)
MPRegen 0.09/turn                (no ring)

@: lethally poisoned (-1 -> -11)
A: small, no large weapons, nightstalker 3
a: no special abilities


You were on level 2 of the Dungeon.
You visited 1 branch of the dungeon, and saw 3 of its levels.

You collected 143 gold pieces.

Inventory:

Hand Weapons
 a - a +0 shortbow (weapon)
Armour
 c - a +0 leather armour (worn)
 i - a +0 cloak (worn)
Jewellery
 f - a +6 ring of strength
 l - an amulet of regeneration
 m - a +4 ring of evasion
 r - a ring of positive energy
Scrolls
 b - 2 scrolls of immolation
 d - a scroll of identify {unknown}
 e - a scroll of silence {unknown}
 g - a scroll of enchant armour {unknown}
 h - a scroll of butterflies {unknown}
 j - a scroll of teleportation {unknown}
 n - a scroll of fear {unknown}
 q - a scroll of blinking {unknown}


   Skills:
 - Level 2.4 Fighting
 + Level 7.4 Ranged Weapons
 - Level 2.7 Dodging
 - Level 2.1 Stealth


You had 4 spell levels left.
You didn't know any spells.
Your spell library was empty.

Dungeon Overview and Level Annotations

Branches:
Dungeon (3/15)

Altars:


Innate Abilities, Weirdness & Mutations

You are small and have problems with some larger weapons.
You are completely attuned to the shadows.


Message History

You are too injured to fight recklessly!
You are too injured to fight recklessly!
You are too injured to fight recklessly!
You are too injured to fight recklessly!
You are too injured to fight recklessly!
You are too injured to fight recklessly!
You are too injured to fight recklessly!
You are too injured to fight recklessly!
You are too injured to fight recklessly!
You are too injured to fight recklessly!
You are too injured to fight recklessly!
You are too injured to fight recklessly!
Fire: a) +0 shortbow
Press: ? - help, Q - select action Shift-Dir - straight line, f/p - worm
Aim: a worm (moderately wounded, 82% to hit)
You shoot an arrow. The arrow hits the worm!
The worm is almost dead.
Fire: a) +0 shortbow
Press: ? - help, Q - select action Shift-Dir - straight line, f/p - worm
Aim: a worm (almost dead, 82% to hit)
You shoot an arrow. The arrow hits the worm.
You kill the worm!
The gnoll hits you with a +1 flail of venom.
* * * LOW HITPOINT WARNING * * *
You are lethally poisoned!
You have reached level 5!
You feel stronger.
Fire: a) +0 shortbow
Press: ? - help, Shift-Dir - straight line, f - gnoll
Aim: a gnoll, wielding a +1 flail of venom (69% to hit)
You shoot an arrow. The arrow hits the gnoll.
The gnoll is moderately wounded.
* * * LOW HITPOINT WARNING * * *
You feel very sick. The gnoll barely misses you.
Fire: a) +0 shortbow
Press: ? - help, Shift-Dir - straight line, f/p - gnoll
Aim: a gnoll, wielding a +1 flail of venom (moderately wounded, 69% to hit)
You shoot an arrow. The arrow completely misses the gnoll.
You die...

######.###.##.#.......###########
#........<.##.##.#..)##
#.####........##<##.#
#.####.########...#.# #.##...#
####..#..#. ..##.#.# #....###...
####.#.# #.##..#.... # ##.#.# #
##...#.# # #....# ##@## # #<.###
#g# # #..# ... # #.... #....
#...#### #.###. #.### #.# #.####
......


You could see a gnoll.

Vanquished Creatures
  Natasha (D:2)
  2 adders
  2 gnolls
  A worm (D:2)
  A dart slug (D:1)
  4 ball pythons
  2 bats (D:1)
  7 endoplasms
  A goblin (D:1)
  2 hobgoblins (D:1)
  2 jackals (D:2)
  2 quokkas
  3 kobolds
30 creatures vanquished.

Notes
Turn   | Place    | Note
-------+----------+-------------------------------------------
     0 | D:1      | purpskrrrp the Kobold Hunter began the quest for the Orb.
     0 | D:1      | Reached XP level 1. HP: 12/12 MP: 1/1
   120 | D:1      | Reached XP level 2. HP: 18/18 MP: 2/2
   554 | D:1      | Found a faded altar of an unknown god.
   856 | D:1      | Reached XP level 3. HP: 22/22 MP: 3/3
  1053 | D:2      | Reached skill level 6 in Ranged Weapons
  1395 | D:2      | Noticed Natasha
  1398 | D:2      | Reached XP level 4. HP: 20/27 MP: 4/4
  1415 | D:3      | Reached skill level 7 in Ranged Weapons
  1501 | D:2      | Killed Natasha
  1624 | D:2      | Reached XP level 5. HP: 5/31 MP: 5/5
  1624 | D:2      | HP: 1/31 [poisoned by a gnoll]
  1625 | D:2      | Succumbed to a gnoll's poison

Illustrated notes

Levels and vault maps discovered:
D:1:      tarquinn_simple_flora_water_c, layout_basic,
          chequers_ecumenical_altar_island
D:2:      layout_loops_ring, serial_shops, nicolae_square_shop, uniq_natasha
D:3:      cheibrodos_greedy_goblins, layout_rooms,
          gammafunk_ghost_abyssal_escape, goddamned_bats

Skill      XL: |  1  2  3  4 |
---------------+-------------+-----
Stealth        | 2 |  2.1
Ranged Weapons | 6 7 |  7.4
Fighting       | |  2.4
Dodging        | |  2.7

Action                   |  1- 3 |  4- 6 || total
-------------------------+-------+-------++-------
 Fire: Shortbow          |    72 |    24 ||    96
  Use: Potion            |       |     4 ||     4
Armor: Leather armour    |     9 |     3 ||    12
Dodge: Dodged            |    26 |    11 ||    37

Table legend: (Time is in decaauts)
 A = Elapsed time spent in this place.
 B = Non-inter-level travel time spent in this place.
 C = Inter-level travel time spent in this place.
 D = Time resting spent in this place.
 E = Time spent auto-exploring this place.
 F = Levels seen in this place.
 G = Mean time per level.
                   A        B        C        D        E       F      G
               +--------+--------+--------+--------+--------+-----+--------+
         Total |   1638 |   1592 |     46 |    122 |   1259 |   3 |  546.0 |
       Dungeon |   1638 |   1592 |     46 |    122 |   1259 |   3 |  546.0 |
               +--------+--------+--------+--------+--------+-----+--------+

Top non-repeatable levels by time:
     D:1: 929 daAuts
     D:2: 633 daAuts
     D:3: 75 daAuts
